 Dungeon Crawl Stone Soup version 0.26.0-20-g3ca415f5b8 (webtiles) character file.

Game seed: 3178894942091868390

51 thiole the Sneak (level 3, -1/20 (21) HPs)
             Began as an Octopode Hedge Wizard on Jan 24, 2021.
             Slain by Crazy Yiuf
             ... wielding a +3 quarterstaff of chaos
              (13 damage)
             ... on level 2 of the Dungeon.
             The game lasted 00:04:11 (2677 turns).

thiole the Sneak (Octopode Hedge Wizard)            Turns: 2677, Time: 00:04:11

HP:   -1/20 (21)    AC:  1    Str:  9    XL:     3   Next: 81%
MP:   2/2           EV: 13    Int: 17    God:
Gold: 87            SH:  0    Dex: 11    Spells: 0/8 levels left

rFire    . . .     SeeInvis .   m - +1 short sword (antimagic)
rCold    . . .     Faith    .   (no shield)
rNeg     . . .     Spirit   .   b - +0 hat
rPois    .         Reflect  .   (no amulet)
rElec    .         Harm     .   (no ring)
rCorr    .         Rampage  .   (no ring)
Will     .....                  (no ring)
Stlth    +++.......             (no ring)
HPRegen  0.06/turn              (no ring)
MPRegen  0.08/turn              (no ring)
                                (no ring)
                                (no ring)

@: lethally poisoned (-1 -> -8), lightly drained
A: almost no armour, stealthy swim, amphibious, 8 rings, constrict 8, camouflage
1, gelatinous body 1
a: no special abilities


You were on level 2 of the Dungeon.
You visited 1 branch of the dungeon, and saw 2 of its levels.

You collected 87 gold pieces.

Inventory:

Hand Weapons
 a - a +0 dagger
 m - a +1 antimagic short sword (weapon)
Armour
 b - a +0 hat (worn)
Jewellery
 h - an uncursed ring of fire
Scrolls
 c - 2 scrolls of remove curse {unknown}
 d - 2 scrolls of identify
 f - 3 scrolls of teleportation {unknown}
 g - a scroll of immolation {unknown}
 i - a scroll of magic mapping {unknown}
Potions
 e - a potion of heal wounds
 j - a potion of mutation {unknown}
 k - a potion of curing {unknown}
 l - a potion of berserk rage {unknown}


   Skills:
 - Level 2.0 Dodging
 + Level 3.3 Stealth
 + Level 3.2 Spellcasting
 * Level 2.1 Conjurations
 - Level 2.0 Summonings
 - Level 1.0 Translocations
 * Level 0.1 Air Magic


You couldn't memorise any spells.
You knew the following spells:

 Your Spells              Type           Power        Failure   Level
a - Magic Dart            Conj           40%          7%          1
b - Call Imp              Summ           9%           12%         2
c - Blink                 Tloc           N/A          17%         2
d - Mephitic Cloud        Conj/Pois/Air  5%           36%         3

Your spell library contained the following spells:

 Spells                   Type           Power        Failure   Level
 Slow                     Hex            2%           26%         2
 Conjure Flame            Conj/Fire      6%           32%         3


Dungeon Overview and Level Annotations

Branches:
Dungeon (2/15)

Altars:

Annotations:
D:2 Crazy Yiuf


Innate Abilities, Weirdness & Mutations

You cannot wear most types of armour.
You are very stealthy in the water. (Stealth+)
You are amphibious.
You can wear up to eight rings at the same time.
You can use your tentacles to constrict eight enemies at once.
Your skin changes colour to match your surroundings (Stealth+).
Your rubbery body absorbs attacks. (AC +1, EV +1)


Message History

You feel sick.
Crazy Yiuf hits you with a +3 quarterstaff of chaos!
Crazy Yiuf draws strength from your wounds!
You hit Crazy Yiuf. Your grab misses Crazy Yiuf.
Crazy Yiuf is lightly wounded.
You feel sick. Crazy Yiuf closely misses you.
You hit Crazy Yiuf but do no damage. Your grab misses Crazy Yiuf.
Crazy Yiuf is lightly wounded.
Crazy Yiuf hits you with a +3 quarterstaff of chaos.
* * * LOW HITPOINT WARNING * * *
Crazy Yiuf freezes you.
* * * LOW HITPOINT WARNING * * *
You feel much better.
You feel sick.
Crazy Yiuf hits you with a +3 quarterstaff of chaos!
You feel drained.
You closely miss Crazy Yiuf. Your grab misses Crazy Yiuf.
Crazy Yiuf is lightly wounded.
Crazy Yiuf hits you with a +3 quarterstaff of chaos!
Ouch! That really hurt!
You die...

####.## ♣...♣♣
##### #..#.#
##..(..# ♣♣.♣♣
#...# #..#.#
#####...#.## ♣.♣♣
###.# #.....
........#.# ♣♣.♣
#.#.# #.....
..........# ♣.♣♣
#.#.# #.<...
########### ♣♣.♣
#...# ##.... # ###
##'## #.######....
. ..# #...#
#..........# #
#.##### #.@.#
########.###
#.##..# #.g)# ###
#.##..# #####
######.##..#
...........########
######.....).......
#####.######## #.#
#.#


You could see Crazy Yiuf.

Vanquished Creatures
  An adder (D:2)
  A dart slug (D:1)
  2 orcs (D:2)
  5 giant cockroaches (D:1)
  4 goblins (D:1)
  5 hobgoblins (D:1)
  3 quokkas (D:2)
  5 bats
  2 frilled lizards (D:1)
  4 kobolds
  4 rats
36 creatures vanquished.

Notes
Turn   | Place    | Note
-------+----------+-------------------------------------------
     0 | D:1      | thiole the Octopode Hedge Wizard began the quest for the
                  | Orb.
     0 | D:1      | Reached XP level 1. HP: 11/11 MP: 4/4
   311 | D:1      | You fall into a shaft and drop 1 floor!
   315 | D:2      | Reached XP level 2. HP: 17/17 MP: 1/6
  1221 | D:1      | Reached XP level 3. HP: 21/21 MP: 1/7
  2112 | D:2      | Noticed an orc warrior
  2266 | D:2      | Learned a level 2 spell: Call Imp
  2269 | D:2      | Learned a level 2 spell: Blink
  2273 | D:2      | Learned a level 3 spell: Mephitic Cloud
  2663 | D:2      | Found a runed translucent door.
  2664 | D:2      | Noticed Crazy Yiuf
  2677 | D:2      | Slain by Crazy Yiuf

Illustrated notes

Levels and vault maps discovered:
D:1:      lightli_arrival_statuegarden, layout_basic
D:2:      layout_loops_ring, corexii_corridor_pit, uniq_crazy_yiuf_cottage

Skill      XL: |  1  2  3 |
---------------+----------+-----
Stealth        | 3 |  3.3
Conjurations   | 2 |  2.1
Summonings     | 2 |  2.0
Dodging        | |  2.0
Spellcasting   | |  3.2
Translocations | |  1.0
Air Magic      | |  0.1

Action                   || total
-------------------------++-------
Melee: Dagger            ||    21
       Constrict         ||     8
       Tentacles         ||     5
       Short sword       ||     5
 Cast: Magic Dart        ||    93
       Mephitic Cloud    ||     1
  Use: Potion            ||     2
       Scroll            ||     1
 Stab: Sleeping          ||     1
Armor: Skin              ||     2
Dodge: Dodged            ||    25
